 Dungeon Crawl Stone Soup version 0.15.0-23-gc2b521c (webtiles) character file.

443 Johnny the Slasher (level 7, 0/54 HPs)
             Began as a Human Berserker on Sept 7, 2014.
             Was a Priest of Trog.
             Killed from afar by an orc wizard (6 damage)
             ... with a magic dart
             ... on Level 4 of the Dungeon.
             The game lasted 00:07:43 (3238 turns).

Johnny the Slasher (Human Berserker)                Turns: 3238, Time: 00:07:43

HP   0/54        AC  5     Str 17      XL: 7   Next: 23%
MP   7/7         EV  6     Int  8      God: Trog [***...]
Gold 180         SH 15     Dex 14      Spells:  0 memorised,  6 levels left

rFire  . . .     SeeInvis .     a - +0 falchion
rCold  . . .     Clarity  .     n - +0 ring mail
rNeg   . . .     rCorr    .     l - +2 large shield
rPois  .         rRot     .     (no helmet)
rElec  .         Spirit   .     (no cloak)
SustAb .         Warding  .     (no gloves)
rMut   .         Stasis   .     (no boots)
Gourm  .                        (no amulet)
MR     ++...                    (no ring)
                                (no ring)

@: regenerating, very resistant to hostile enchantments, very unstealthy
A: no striking features
a: Burn Spellbooks, Berserk, Trog's Hand, Renounce Religion


You were on level 4 of the Dungeon.
You worshipped Trog.
Trog was most pleased with you.
You were near starving.

You visited 1 branch of the dungeon, and saw 4 of its levels.

You collected 180 gold pieces.

Inventory:

Hand weapons
 a - a +0 falchion (weapon)
Armour
 l - a +2 large shield (worn)
 n - a +0 ring mail (worn)
Scrolls
 e - a scroll of blinking
 g - a scroll of recharging
 k - a scroll of teleportation
 m - a scroll of fog
 o - a scroll of random uselessness
Potions
 b - a potion of magic
 d - a potion of confusion {unknown}
 f - a potion of curing
 h - a potion of resistance {unknown}


   Skills:
 * Level 4.2 Fighting
 * Level 4.3 Long Blades
 * Level 3.7 Armour
 * Level 3.8 Dodging
 * Level 2.5 Shields


You had 6 spell levels left.
You didn't know any spells.

Dungeon Overview and Level Annotations

Branches:
Dungeon (4/15)
 Temple: D:4-7

Altars:
Cheibriados
The Shining One


Message History

You block the hobgoblin's attack.
An orc priest comes into view. It is wielding a hand axe.
You hit the hobgoblin.
The hobgoblin is almost dead.
You block the hobgoblin's attack.
The orc priest calls down the wrath of Beogh upon you.
Something smites you! The orc wizard casts a spell at you.
The magic dart hits you!
* * * LOW HITPOINT WARNING * * *
Use which ability? (? or * to list)
Your skin crawls.
You feel resistant to hostile enchantments.
You feel slightly more hungry. You block the hobgoblin's attack.
The orc priest mumbles some strange prayers to Beogh against you.
Something smites you!
* * * LOW HITPOINT WARNING * * *
The orc wizard points at you and mumbles some strange words.
The magic dart hits you!
You die...

# #####.#.#...
#.##.#......... .
#........#.....
.##
####.....####.
.... #........+
.....
#.#...####.......
#.#.....<.$......
..#.##).######+##
.###@.......$...
#. #g.#..###...
.......# .
#.#...#o#
).....#.'o
####.#.###. #>...
#.###. #..


You could see an orc priest, an orc wizard and a hobgoblin.

Vanquished Creatures
  An ogre (D:4)
  Sigmund (D:3)
  A crimson imp (D:3)
  A hound (D:3)
  An orc priest (D:3)
  Natasha (thrice) (D:3)
  Ijyb (D:3)
  4 adders
  A worm (D:2)
  2 giant geckos
  2 oozes
  6 orcs (D:3)
  A ball python (D:2)
  4 giant cockroaches
  10 goblins
  13 hobgoblins
  13 jackals
  A quokka (D:3)
  8 bats
  A giant newt (D:3)
  6 kobolds
  9 rats
90 creatures vanquished.

Vanquished Creatures (others)
  A bat (D:3)
1 creature vanquished.

Grand Total: 91 creatures vanquished

Notes
Turn   | Place    | Note
--------------------------------------------------------------
     0 | D:1      | Johnny, the Human Berserker, began the quest for the Orb.
     0 | D:1      | Reached XP level 1. HP: 18/18 MP: 1/1
   336 | D:1      | Reached XP level 2. HP: 24/24 MP: 2/2
   775 | D:1      | Reached XP level 3. HP: 27/29 MP: 3/3
   989 | D:1      | Acquired Trog's second power
  1274 | D:2      | Reached XP level 4. HP: 12/35 MP: 4/4
  1739 | D:2      | Reached skill level 1 in Shields
  2195 | D:3      | Reached XP level 5. HP: 41/41 MP: 5/5
  2356 | D:3      | Noticed Natasha
  2373 | D:3      | Killed Natasha
  2373 | D:3      | Reached XP level 6. HP: 10/48 MP: 6/6
  2486 | D:3      | Noticed Ijyb
  2502 | D:3      | Killed Ijyb
  2523 | D:3      | Found a glowing golden altar of the Shining One.
  2523 | D:3      | Found a snail-covered altar of Cheibriados.
  2556 | D:3      | Noticed Sigmund
  2569 | D:3      | Killed Sigmund
  2569 | D:3      | Reached skill level 4 in Fighting
  2662 | D:3      | Noticed Natasha
  2673 | D:3      | Killed Natasha
  2802 | D:3      | Noticed Natasha
  2811 | D:3      | Killed Natasha
  3183 | D:4      | Reached XP level 7. HP: 41/54 MP: 7/7
  3238 | D:4      | Killed from afar by an orc wizard

Action                   |  1- 3 |  4- 6 |  7- 9 || total
-------------------------+-------+-------+-------++-------
Melee: Falchion          |   128 |   252 |     2 ||   382
Invok: Berserk           |     2 |     6 |       ||     8
       Trog's Hand       |       |     4 |     1 ||     5
  Use: Potion            |       |     2 |       ||     2
       Scroll            |       |       |     7 ||     7
  Eat: Bread ration      |     1 |       |       ||     1
       Chunk             |       |     8 |       ||     8
       Beef jerky        |       |     2 |       ||     2
